 Dungeon Crawl Stone Soup version 0.28-a0-861-ge64d6db94f (webtiles) character file.

Game seed: 12295184974085231928

7203 Zenkrye the Cleaver (level 10, 0/78 HPs)
             Began as a Palentonga Fighter on Nov 15, 2021.
             Was an Elder of Uskayaw.
             Slain by an orc warrior (4 damage)
             ... on level 10 of the Dungeon.
             The game lasted 00:24:55 (10249 turns).

Zenkrye the Cleaver (Palentonga Fighter)           Turns: 10249, Time: 00:24:56

Health: 0/78       AC: 27    Str: 22    XL:     10   Next: 87%
Magic:  7/15       EV:  7    Int:  8    God:    Uskayaw [****..]
Gold:   633        SH:  4    Dex: 11    Spells: 4/13 levels left

rFire   . . .      SeeInvis +   F - +2 broad axe
rCold   + . .      Faith    .   c - +0 buckler
rNeg    + . .      Spirit   .   t - +0 chain mail
rPois   .          Reflect  .   e - +0 helmet
rElec   .          Harm     .   a - +2 cloak
rCorr   .          Rampage  .   s - +1 pair of gloves
Will    .....                   g - +1 barding {rC+}
Stlth   ..........              j - amulet of the acrobat
HPRegen 0.23/turn               v - +4 ring of evasion
MPRegen 0.14/turn               n - ring of positive energy

@: marked, hasted, curled up, very quick
A: large, rugged brown scales 3, see invisible, deformed body, roll 1, armoured
tail, reflexive curl
a: Rolling Charge, Renounce Religion, Stomp, Line Pass


You were on level 10 of the Dungeon.
You worshipped Uskayaw.
Uskayaw was noncommittal.
You visited 1 branch of the dungeon, and saw 10 of its levels.

You collected 633 gold pieces.

Inventory:

Hand Weapons
 b - a +1 hand axe of electrocution
 l - a +3 fustibalus of flaming
 p - a +6 vampiric short sword
 F - a +2 broad axe (weapon)
Missiles
 f - 64 sling bullets
 k - 2 boomerangs (quivered)
 o - 52 poisoned darts
Armour
 a - a +2 cloak (worn)
 c - a +0 buckler (worn)
 e - a +0 helmet (worn)
 g - a +1 barding of cold resistance (worn)
 s - a +1 pair of gloves (worn)
 t - a +0 chain mail (worn)
 H - a +0 plate armour
Jewellery
 j - an amulet of the acrobat (around neck)
 n - a ring of positive energy (right hand)
 r - a ring of resist corrosion
 v - a +4 ring of evasion (left hand)
 T - a +6 ring of intelligence
Wands
 i - a wand of flame (7)
 w - a wand of polymorph (11)
 y - a wand of mindburst (13)
 A - a wand of acid (3) {@v2}
Scrolls
 h - 4 scrolls of teleportation {@r3}
 u - 2 scrolls of magic mapping
 C - a scroll of fear
 G - a scroll of enchant armour
Potions
 d - 2 potions of might {@q4}
 m - 2 potions of mutation
 q - a potion of magic
 x - 4 potions of flight
 z - 4 potions of haste {@q3}
 B - 2 potions of heal wounds {unknown}
 D - a potion of ambrosia {unknown}
 E - 2 potions of attraction {unknown}


   Skills:
 + Level 4.5 Fighting
 - Level 5.0 Short Blades
 * Level 10.8 Axes
 + Level 3.7 Armour
 - Level 5.0 Stealth
 + Level 3.6 Shields
 + Level 2.1 Spellcasting
 + Level 7.7 Invocations
 + Level 1.4 Evocations


You had 4 spell levels left.
You knew the following spells:

 Your Spells              Type           Power      Damage    Failure   Level
a - Manifold Assault      Tloc           0%         N/A       100%        5
g - Passage of Golubria   Tloc           0%         N/A       100%        4

Your spell library contained the following spells:

 Spells                   Type           Power      Damage    Failure   Level
 Shock                    Conj/Air       0%         1d3       96%         1
 Blink                    Tloc           0%         N/A       99%         2
 Lesser Beckoning         Tloc           0%         N/A       100%        3
 Swiftness                Air            0%         N/A       100%        3
 Tukima's Dance           Hex            0%         N/A       100%        3
 Airstrike                Air            0%         N/A       100%        4
 Yara's Violent Unravell  Hex/Tmut       0%         3d3       100%        5


Dungeon Overview and Level Annotations

Branches:
Dungeon (10/15)            Temple (0/1) D:4            Lair (0/6) D:9
    Orc (0/2) D:10

Altars:
Uskayaw
Beogh

Shops:
D:3 ?


Innate Abilities, Weirdness & Mutations

You are completely covered in rugged brown scales. (AC +3, +7% HP)
You have supernaturally acute eyesight. (SInv)
Armour fits poorly on your strangely shaped body.
You can roll at nearby foes to attack.
You have a long armoured tail.
You curl defensively after being hit. (AC +7*)


Message History

You closely miss the orc. You barely miss the orc warrior. You slash the orc!
You kill the orc!
The orc warrior is no longer sharing its pain.
The orc warrior seems less confused.
The orc warrior is no longer sharing its pain. x3
The orc barely misses the orc priest.
You feel better.
The orc priest is no longer sharing its pain.
The orc is no longer sharing its pain.
The orc seems less confused.
The orc is no longer sharing its pain.
The orc seems less confused.
The orc is no longer sharing its pain.
The orc hits you but does no damage.
Okay, then.
You slash the orc warrior!
The orc warrior is heavily wounded.
You hit the orc priest. You hit the orc. You slash the orc!
You kill the orc!
You hit the orc but do no damage. The orc priest hits you with a +0 club.
* * * LOW HITPOINT WARNING * * *
The orc warrior hits you with a +0 mace.
* * * LOW HITPOINT WARNING * * *
The orc hits you but does no damage.
You barely miss the orc priest.
The orc priest is severely wounded.
You closely miss the orc warrior. You slash the orc!
You kill the orc!
You slash the orc!
You kill the orc!
The orc warrior is no longer sharing its pain.
The orc priest barely misses you.
The orc warrior hits you with a +0 mace.
* * * LOW HITPOINT WARNING * * *
You can now merge with and destroy a victim.
Aiming: Line Pass
Press: ? - help, Dir - move target The orc appears confused.
The orc warrior appears confused.
The orc priest appears confused.
The orc warrior appears confused.
You can no longer merge with and destroy a victim.
The orc warrior hits the orc priest with a +0 battleaxe.
The orc warrior hits you with a +0 battleaxe.
You die...

#........................#
##.###############.......#
###.?....>......#.......#
.......oo....#..#...##
...⌠.._.o⌠...#..#####
......))o)...#.##
......8).o...#..#
#8'8#####8o8##..# ...
.....oo@...# ##
......o)..## ###########


You could see 5 orc warriors, 2 orc priests and 2 orcs.

Vanquished Creatures
  A two-headed ogre (D:9)
  Joseph (D:8)
  A troll (D:9)
  Grinder (D:6)
  Prince Ribbit (D:5)
  A wyvern (D:7)
  A steam dragon (D:9)
  An acid dragon (D:9)
  4 water moccasins
  8 orc warriors
  A black bear (D:9)
  An ice beast (D:6)
  A necrophage (D:6)
  3 ogres
  A phantom (D:6)
  2 centaurs
  5 kobold brigands
  A gnoll sergeant (D:5)
  5 bullfrogs
  A wyvern zombie (D:6)
  A scorpion (D:9)
  5 wights (D:7)
  2 howler monkeys (D:10)
  A bullfrog zombie (D:6)
  6 centaur zombies
  2 jellies (D:6)
  An orc priest (D:3)
  A hound (D:5)
  A gnoll shaman (D:6)
  An iguana (D:6)
  10 orc wizards
  A hound skeleton (D:5)
  Robin (D:2)
  11 gnolls
  4 adders
  3 white imps
  A worm (D:4)
  2 dart slugs
  41 orcs
  3 endoplasms
  6 giant cockroaches
  20 goblins
  10 hobgoblins
  2 quokkas
  3 ball pythons
  6 bats
  A frilled lizard (D:3)
  36 kobolds
  4 rats
227 creatures vanquished.

Vanquished Creatures (others)
  12 fungi (D:9)
  12 plants (D:9)
24 creatures vanquished.

Grand Total: 251 creatures vanquished

Notes
Turn   | Place    | Note
-------+----------+-------------------------------------------
     0 | D:1      | Zenkrye the Palentonga Fighter began the quest for the Orb.
     0 | D:1      | Reached XP level 1. HP: 19/19 MP: 1/1
   188 | D:1      | Reached XP level 2. HP: 25/25 MP: 2/2
   293 | D:1      | Found a faded altar of an unknown god.
   294 | D:1      | You fall into a shaft and drop 1 floor!
   315 | D:1      | Reached skill level 3 in Axes
   873 | D:2      | Reached XP level 3. HP: 29/31 MP: 3/3
  1008 | D:2      | Reached skill level 4 in Axes
  1260 | D:2      | Noticed Robin
  1274 | D:2      | Killed Robin
  1275 | D:2      | Reached XP level 4. HP: 37/37 MP: 4/4
  1776 | D:2      | Reached skill level 5 in Axes
  2010 | D:2      | Identified 2 scrolls of acquirement
  2010 | D:2      | Acquired a +3 fustibalus of flaming
  2014 | D:2      | Acquired a +0 barding of cold resistance
  2132 | D:3      | Found a hide-covered altar of Uskayaw.
  2143 | D:3      | Became a worshipper of Uskayaw the Reveller
  2306 | D:3      | Reached XP level 5. HP: 43/43 MP: 5/5
  2307 | D:3      | Reached * piety under Uskayaw
  2317 | D:3      | Reached ** piety under Uskayaw
  2330 | D:3      | Reached *** piety under Uskayaw
  2577 | D:3      | Found Itiexaw's Magic Scroll Shoppe.
  2751 | D:4      | Found a staircase to the Ecumenical Temple.
  3702 | D:5      | Entered Level 5 of the Dungeon
  3706 | D:5      | Reached skill level 6 in Axes
  3755 | D:5      | Reached XP level 6. HP: 49/50 MP: 6/6
  3864 | D:5      | Noticed Prince Ribbit
  3876 | D:5      | Killed Prince Ribbit
  3877 | D:5      | Reached skill level 1 in Stealth
  4052 | D:5      | Gained mutation: You curl defensively after being hit. (AC
                  | +7*) [Palentonga growth]
  4052 | D:5      | Reached XP level 7. HP: 40/55 MP: 7/7
  4241 | D:5      | Reached skill level 7 in Axes
  4420 | D:5      | Reached **** piety under Uskayaw
  4421 | D:5      | Reached XP level 8. HP: 62/62 MP: 8/8
  4905 | D:6      | Reached skill level 1 in Invocations
  5197 | D:6      | Reached skill level 5 in Short Blades
  5313 | D:6      | Noticed Grinder
  5337 | D:6      | Killed Grinder
  5338 | D:6      | Reached skill level 8 in Axes
  5468 | D:6      | Reached XP level 9. HP: 67/67 MP: 11/11
  6000 | D:7      | Reached skill level 5 in Invocations
  6001 | D:7      | Reached ***** piety under Uskayaw
  6002 | D:7      | Reached skill level 9 in Axes
  6477 | D:7      | Reached skill level 5 in Stealth
  7030 | D:8      | Noticed Joseph
  7043 | D:8      | Killed Joseph
  7121 | D:7      | HP: 3/67 [poisoned by a kobold brigand (curare-tipped
                  | dart)]
  7760 | D:8      | Reached XP level 10. HP: 37/74 MP: 15/15
  7934 | D:8      | Noticed a five-headed hydra
  7934 | D:8      | Noticed a five-headed hydra
  7934 | D:8      | Noticed a cyclops
  7934 | D:8      | Noticed a six-headed hydra
  7934 | D:8      | Noticed a manticore
  7935 | D:8      | Noticed a cyclops
  7935 | D:8      | Noticed a centaur warrior
  7935 | D:8      | Noticed a deep elf pyromancer
  7952 | D:8      | Noticed a cyclops
  7955 | D:8      | Noticed a cyclops
  8423 | D:9      | Reached skill level 10 in Axes
  8491 | D:9      | Noticed a two-headed ogre
  8787 | D:8      | Learned a level 5 spell: Manifold Assault
  9105 | D:9      | Learned a level 4 spell: Passage of Golubria
  9523 | D:9      | Killed a two-headed ogre
  9524 | D:9      | Reached skill level 1 in Spellcasting
  9756 | D:9      | Found a staircase to the Lair.
  9806 | D:10     | Entered Level 10 of the Dungeon
  9892 | D:10     | Reached skill level 1 in Evocations
 10223 | D:10     | Found a staircase to the Orcish Mines.
 10249 | D:10     | Slain by an orc warrior

Illustrated notes

Levels and vault maps discovered:
D:1:      nzn_arrival_water_spiral, layout_basic, ebering_ecumenical_altar_rust
D:2:      layout_basic, uniq_robin
D:3:      layout_rooms, general_overflow_altar, serial_shops,
          nicolae_shop_temple_entry_statues_fountains, supply_closet_lemuel
D:4:      layout_basic, minmay_temple_entry_tees, minivault_23
D:5:      layout_gridville, minmay_ogre_servants, uniq_prince_ribbit1
D:6:      layout_basic, minmay_increasing_density, uniq_grinder
D:7:      layout_basic, kennysheep_generic_room_10
D:8:      layout_basic, minmay_misc_feat_rows, minivault_12, uniq_joseph
D:9:      layout_roguey, grunt_lair_entry_orc_guard_hut, serial_curves,
          eino_curves_01, eino_curves_04
D:10:     layout_gridville, david_orc_5, serial_bayou_crossing

Skill      XL: |  1  2  3  4  5  6  7  8  9 10 |
---------------+-------------------------------+-----
Axes           | 3 4 5 6 7 8 9 10 | 10.8
Short Blades   | 2 4 5 |  5.0
Stealth        | 1 3 4 5 |  5.0
Invocations    | 3 6 7 |  7.7
Armour         | 3 |  3.7
Shields        | 3 |  3.6
Fighting       | 4 |  4.5
Spellcasting   | 2 |  2.1
Evocations     | 1 |  1.4

Action                   |  1- 3 |  4- 6 |  7- 9 | 10-12 || total
-------------------------+-------+-------+-------+-------++-------
Melee: War axe           |    93 |    18 |    39 |       ||   150
       Tailslap          |     7 |     7 |    38 |    32 ||    84
       Short sword       |       |    88 |   231 |    66 ||   385
       Broad axe         |       |       |       |   153 ||   153
 Fire: Fustibalus        |       |    32 |    41 |       ||    73
Throw: Dart              |     6 |     7 |     1 |     5 ||    19
       Boomerang         |       |       |     1 |    37 ||    38
Invok: Line Pass         |       |     1 |       |     3 ||     4
 Abil: Rolling Charge    |       |       |     5 |     9 ||    14
Evoke: Wand              |       |       |     3 |     1 ||     4
  Use: Scroll            |     4 |    13 |     4 |     3 ||    24
       Potion            |     1 |     1 |     1 |     3 ||     6
 Stab: Paralysed         |       |     2 |    22 |    18 ||    42
Armor: Scale mail        |    51 |    19 |       |       ||    70
       Chain mail        |       |    57 |   216 |   150 ||   423
Dodge: Dodged            |    40 |    28 |    67 |    81 ||   216
Block: Buckler           |    21 |    25 |    51 |    56 ||   153

Table legend: (Time is in decaauts)
 A = Elapsed time spent in this place.
 B = Non-inter-level travel time spent in this place.
 C = Inter-level travel time spent in this place.
 D = Time resting spent in this place.
 E = Time spent auto-exploring this place.
 F = Levels seen in this place.
 G = Mean time per level.
                   A        B        C        D        E       F      G
               +--------+--------+--------+--------+--------+-----+--------+
         Total |  10316 |   9912 |    404 |   1122 |   7145 |  10 | 1031.6 |
       Dungeon |  10316 |   9912 |    404 |   1122 |   7145 |  10 | 1031.6 |
               +--------+--------+--------+--------+--------+-----+--------+

Top non-repeatable levels by time:
     D:7: 1445 daAuts
     D:8: 1382 daAuts
     D:6: 1139 daAuts
     D:9: 1138 daAuts
     D:2: 1077 daAuts
     D:4: 1044 daAuts
     D:1: 1019 daAuts
     D:5: 977 daAuts
     D:3: 639 daAuts
    D:10: 453 daAuts
